 Dungeon Crawl Stone Soup version 0.29-a0-11-ga75d3d97ab (webtiles) character file.

Game seed: 10418009847265671779

58 issech the Cudgeller (level 3, -2/36 HPs)
             Began as a Troll Monk on Jan 29, 2022.
             Slain by an orc (3 damage)
             ... on level 3 of the Dungeon.
             The game lasted 00:04:06 (1521 turns).

issech the Cudgeller (Troll Monk)                   Turns: 1521, Time: 00:04:06

Health: -2/36      AC:  4    Str: 19    XL:     3   Next: 75%
Magic:  2/2        EV: 10    Int:  6    God:
Gold:   103        SH:  0    Dex: 14    Spells: 2/2 levels left

rFire   . . .      SeeInvis .   a - +0 mace
rCold   . . .      Faith    .   (no shield)
rNeg    . . .      Spirit   .   b - +0 robe
rPois   .          Reflect  .   (helmet restricted)
rElec   .          Harm     .   (no cloak)
rCorr   .          Rampage  .   (gloves unavailable)
Will    .....                   (boots unavailable)
Stlth   ++........              (no amulet)
HPRegen 0.92/turn               l - ring of flight
MPRegen 0.08/turn               (no ring)

@: flying
A: large, unfitting armour, claws 3, regeneration 1, shaggy fur 1, tough skin 1
a: no special abilities


You were on level 3 of the Dungeon.
You visited 1 branch of the dungeon, and saw 3 of its levels.

You collected 103 gold pieces.

Inventory:

Hand Weapons
 a - a +0 mace (weapon)
Missiles
 d - 26 bolts
 g - 25 stones (quivered)
Armour
 b - a +0 robe (worn)
Jewellery
 l - a ring of flight (left claw)
Scrolls
 c - a scroll of summoning {unknown}
 e - 2 scrolls of identify {unknown}
 h - 2 scrolls of fog {unknown}
 i - a scroll of immolation {unknown}
 j - a scroll of magic mapping {unknown}
 k - a scroll of enchant armour {unknown}
Potions
 f - a potion of flight {unknown}
 m - a potion of mutation {unknown}


   Skills:
 + Level 2.8 Fighting
 + Level 3.5 Maces & Flails
 + Level 2.8 Dodging
 + Level 1.0 Stealth


You had 2 spell levels left.
You didn't know any spells.
Your spell library contained the following spells:

 Spells                   Type           Power      Damage    Failure   Level
 Sandblast                Erth           0%         2d4       45%         1
 Passwall                 Tmut/Erth      0%         N/A       58%         2
 Stone Arrow              Conj/Erth      0%         3d7       83%         3


Dungeon Overview and Level Annotations

Branches:
Dungeon (3/15)

Altars:


Innate Abilities, Weirdness & Mutations

You are too large for most types of armour.
You have claws for hands.
Your natural rate of healing is unusually fast.
You are covered in fur. (AC +1)
You have tough skin. (AC +1)


Message History

You hit the orc but do no damage. The orc barely misses you.
The orc hits you with a +0 falchion.
You barely miss the orc. The orc hits you with a +0 falchion.
You barely miss the orc. The orc closely misses you.
You hit the orc.
The orc is severely wounded.
The orc hits you with a +0 falchion.
You hit the orc.
You kill the orc!
You closely miss the orc. The orc hits you with a +0 club.
You barely miss the orc.
The orc hits you from afar with a +0 trident.
The orc closely misses you.
The orc hits you from afar with a +0 trident!
You closely miss the orc. The orc hits you with a +0 club.
The orc barely misses you.
The kobold shouts!
You hit the orc.
The orc is heavily wounded.
The orc completely misses you.
The orc hits you from afar with a +0 trident.
The orc barely misses you.
You completely miss the orc.
The orc is heavily wounded.
The orc hits you from afar with a +0 trident.
The orc hits you but does no damage.
You sock the orc!
You kill the orc!
The orc hits you from afar with a +0 trident.
* * * LOW HITPOINT WARNING * * *
The orc hits you with a +0 trident.
* * * LOW HITPOINT WARNING * * *
Things that are here:
a +0 club; a +0 falchion; a +0 ring mail You hit the orc.
The orc is lightly wounded.
The orc hits you with a +0 trident.
* * * LOW HITPOINT WARNING * * *
The orc hits you with a +0 trident.
You die...

####....####
...........#
..#.....##.#
#.#.#.##.#
#.#.#[.#.# .
..##.#.# . .##
#.#.# .. #.#.#
.# #.#@# #.#o# .
######.#K###....
#...o†.†........
#K####..........
#####......
.#...# .##.## #
...


You could see an orc and a kobold.

Vanquished Creatures
  A hound skeleton (D:2)
  A dart slug (D:1)
  3 orcs (D:3)
  4 endoplasms
  A giant cockroach (D:1)
  A goblin (D:1)
  A hobgoblin (D:1)
  3 jackals (D:2)
  2 quokkas
  7 ball pythons
  2 bats
  4 frilled lizards
  5 kobolds
  6 rats
41 creatures vanquished.

Notes
Turn   | Place    | Note
-------+----------+-------------------------------------------
     0 | D:1      | issech the Troll Monk began the quest for the Orb.
     0 | D:1      | Reached XP level 1. HP: 22/22 MP: 0/0
   141 | D:1      | Reached XP level 2. HP: 29/29 MP: 1/1
   243 | D:1      | Found a faded altar of an unknown god.
   422 | D:1      | Reached skill level 3 in Maces & Flails
   934 | D:2      | Reached XP level 3. HP: 36/36 MP: 2/2
  1521 | D:3      | HP: 1/36 [orc (4)]
  1521 | D:3      | Slain by an orc

Illustrated notes

Levels and vault maps discovered:
D:1:      tarquinn_simple_flora_water_b, layout_rooms,
          hellmonk_ecumenical_altar_crossroads, minmay_tiny_reverse_x
D:2:      layout_loops_cross
D:3:      layout_loops_ring, uniq_terence

Skill      XL: |  1  2 |
---------------+-------+-----
Maces & Flails | 3 |  3.5
Fighting       | |  2.8
Dodging        | |  2.8
Stealth        | |  1.0

Action                   || total
-------------------------++-------
Melee: Mace              ||   132
Armor: Robe              ||    67
Dodge: Dodged            ||    86

Table legend: (Time is in decaauts)
 A = Elapsed time spent in this place.
 B = Non-inter-level travel time spent in this place.
 C = Inter-level travel time spent in this place.
 D = Time resting spent in this place.
 E = Time spent auto-exploring this place.
 F = Levels seen in this place.
 G = Mean time per level.
                   A        B        C        D        E       F      G
               +--------+--------+--------+--------+--------+-----+--------+
         Total |   1552 |   1529 |     23 |      0 |    719 |   3 |  517.3 |
       Dungeon |   1552 |   1529 |     23 |      0 |    719 |   3 |  517.3 |
               +--------+--------+--------+--------+--------+-----+--------+

Top non-repeatable levels by time:
     D:2: 821 daAuts
     D:1: 668 daAuts
     D:3: 62 daAuts
